Map: Acropolis LE

Players

Kas

  • Race: Terran Terran
  • Spawn Location: 11:00

Retribution - Winner!

  • Race: Zerg Zerg
  • League: Master
  • Spawn Location: 5:00

Event: NationWars 2019

VOD

Have the link to the VOD?

Description

Time

  • Played on: Nov. 16, 2019, 1:08 p.m.
  • Length: 16:38
Show
View Real Time Build Order
Export as new Build Order

Kas Terran 

Build Orders: Reaper Expand, Hellion Banshee 

Get SALT Encoding   

  12  0:01  SCV  
  13  0:13  SCV  
  14  0:17  Supply Depot  
  14  0:25  SCV  
  15  0:39  SCV  
  15  0:40  Barracks  
  16  0:45  Refinery  
  16  0:51  SCV  
  17  1:03  SCV  
  18  1:15  SCV  
  19  1:27  Orbital Command  
  19  1:29  Reaper  
  20  1:37  Command Center  
  20  1:47  Supply Depot  
  20  1:53  SCV  
  21  2:01  Marine  
  21  2:05  SCV  
  23  2:08  Factory  
  23  2:14  Refinery  
  23  2:17  SCV  
  24  2:24  Barracks Reactor  
  24  2:29  SCV  
  25  2:42  SCV  
  26  2:50  Orbital Command  
  26  2:54  SCV, Starport  
  27  3:04  Hellion x2  
  31  3:06  SCV  
  31  3:07  Barracks Tech Lab  
  32  3:16  SCV  
  32  3:18  SCV  
  34  3:28  SCV, Hellion x2  
  34  3:31  SCV  
  40  3:37  Banshee  
  40  3:38  Marine, Cloaking Field  
  40  3:40  SCV, Supply Depot  
  45  3:44  SCV  
  46  3:57  Barracks Tech Lab  
  46  4:02  SCV x2, Hellion x2  
  52  4:03  Supply Depot  
  52  4:09  Command Center  
  52  4:14  SCV  
  52  4:16  SCV  
  54  4:18  Stimpack  
  54  4:22  Supply Depot  
  54  4:24  Banshee, Marine  
  54  4:27  SCV  
  54  4:29  SCV  
  60  4:40  SCV  
  60  4:42  Marine  
  60  4:43  Barracks, Factory Reactor  
  62  4:46  Barracks, SCV  
  63  4:55  Engineering Bay  
  63  4:56  SCV, Supply Depot  
  63  4:57  Engineering Bay  
  64  5:00  SCV  
  65  5:10  Marine  
  65  5:13  Refinery  
  66  5:15  SCV x2, Refinery  
  66  5:19  Starport Reactor  
  68  5:21  Terran Infantry Weapons Level 1  
  68  5:22  Terran Infantry Armor Level 1  
  68  5:27  Marine  
  68  5:28  SCV  
  70  5:30  SCV  
  71  5:38  Siege Tank, Marine x2  
  71  5:41  SCV  
  71  5:42  Orbital Command, SCV  
  78  5:48  Barracks x2, Marine x3  
  81  5:53  SCV  
  81  5:56  Marine  
  81  5:57  Medivac x2, Marine  
  80  6:03  Orbital Command  
  85  6:04  SCV  
  85  6:05  SCV  
  85  6:06  Marine x3  
  85  6:10  Supply Depot  
  85  6:11  Supply Depot  
  90  6:13  Marine  
  90  6:14  Marine  
  90  6:17  SCV  
  93  6:27  Armory, Supply Depot  
  93  6:31  Marine x2  
  93  6:32  SCV x2, Siege Tank  
  100  6:33  SCV  
  101  6:40  Marine x2  
  101  6:42  Barracks Reactor  
  101  6:43  Barracks Reactor  
  101  6:44  SCV x2  
  105  6:48  SCV  
  105  6:50  Combat Shield, Marine  
  105  6:51  Marine  
  105  6:52  Marine  
  109  6:56  SCV x2, Supply Depot  
  109  6:58  Supply Depot, Marine x2  
  109  7:00  SCV  
  114  7:08  SCV, Marine  
  112  7:09  Marine x2  
  112  7:13  Siege Tank  
  117  7:18  SCV, Marine x2  
  117  7:21  SCV x2  
  122  7:23  Supply Depot  
  122  7:25  Supply Depot  
  122  7:26  Marine x3  
  122  7:27  Command Center, Marine x2  
  127  7:31  Terran Infantry Weapons Level 2  
  127  7:32  Terran Infantry Armor Level 2  
  127  7:36  Marine  
  127  7:37  Marine x3  
  128  7:40  Factory  
  131  7:46  Marine x3  
  131  7:49  Siege Tank  
  137  7:53  Marine x2  
  123  8:08  Marine  
  123  8:09  Marine x6  
  123  8:11  Marine  
  118  8:20  Marine  
  118  8:26  Marine x6, Widow Mine  
  115  8:27  Marine  
  115  8:28  Factory Reactor  
  115  8:29  Marine  
  117  8:36  SCV  
  117  8:37  SCV  
  117  8:38  Marine  
  117  8:40  Barracks, Refinery  
  120  8:41  Barracks  
  120  8:42  Refinery  
  120  8:44  Marine x5  
  125  8:48  SCV  
  125  8:49  Barracks  
  125  8:50  Barracks  
  125  8:52  SCV x2  
  125  8:54  Widow Mine  
  125  8:55  Drilling Claws, Marine x2  
  132  9:05  Marauder, Marine x6  
  132  9:06  Medivac x2, Widow Mine x2  
  132  9:07  SCV  
  132  9:08  SCV  
  152  9:17  Widow Mine  
  152  9:19  Marine  
  152  9:20  Marine  
  152  9:21  Planetary Fortress  
  152  9:23  Marine  
  151  9:24  SCV x2  
  151  9:26  Marauder  
  151  9:29  Barracks Tech Lab x2  
  151  9:31  Widow Mine x2  
  159  9:36  Medivac x2  
  126  9:41  Marine  
  126  9:42  Marine x7  
  126  9:45  Marine x2  
  112  9:48  Marauder  
  112  9:49  Marine  
  112  9:50  Marine  
  110  9:59  Marine x6  
  108  10:00  Widow Mine, Marine x2  
  108  10:02  Marine  
  108  10:03  Marine  
  108  10:04  SCV  
  120  10:07  Marine  
  120  10:08  Marine  
  120  10:09  Marauder  
  124  10:17  Marine x2  
  124  10:18  Medivac x2, Widow Mine x2  
  124  10:20  Marine x2  
  136  10:21  Sensor Tower  
  136  10:23  Barracks Reactor, Marine  
  136  10:24  Marine x2  
  136  10:25  Marauder  
  141  10:32  Command Center  
  140  10:37  Supply Depot x3  
  136  10:48  Marine  
  136  10:49  Marine x2  
  124  10:50  Marine x2  
  124  10:52  Marine  
  124  10:53  Marine x3  
  124  10:54  Medivac, Marine, Marauder  
  124  10:55  Medivac  
  119  11:02  Widow Mine  
  119  11:03  SCV x2  
  112  11:05  Marine  
  112  11:07  Marine x3  
  112  11:08  Marine  
  112  11:10  Marine  
  112  11:11  Marine x4  
  116  11:14  Widow Mine  
  116  11:15  Marine  
  115  11:20  SCV  
  115  11:23  Marine  
  115  11:24  Marine  
  115  11:25  Marine x2  
  112  11:28  Marine x3  
  112  11:29  Marine x2  
  112  11:30  SCV x2  
  112  11:31  Supply Depot  
  117  11:33  Marine  
  117  11:34  Barracks  
  117  11:35  Barracks  
  117  11:38  Widow Mine  
  112  11:41  Marine  
  112  11:42  Marine  
  112  11:43  Marine x2  
  112  11:44  Terran Infantry Weapons Level 3  
  112  11:46  SCV, Marine x3  
  112  11:47  Marine x2  
  111  11:49  Orbital Command  
  111  11:51  Marine  
  111  11:52  SCV  
  111  11:53  SCV  
  108  11:59  SCV, Widow Mine, Marine  
  108  12:00  Marine  
  108  12:01  Marine x2  
  113  12:04  Marine  
  113  12:05  Marine  
  113  12:07  Marine  
  113  12:08  Marine x2  
  120  12:16  Marine  
  121  12:23  Marine x3  
  121  12:24  Marine x5  
  121  12:26  SCV  
  121  12:27  Orbital Command, SCV x2  
  132  12:30  Marine x2  
  132  12:34  Marauder  
  136  12:39  Marine  
  136  12:41  Marine x6  
  136  12:42  Marauder, Marine  
  146  12:46  Supply Depot  
  146  12:47  Supply Depot  
  146  12:48  Marine x2  
  146  12:49  Supply Depot  
  148  12:56  SCV  
  148  12:58  SCV  
  148  12:59  Marine  
  148  13:00  SCV  
  145  13:17  Marauder, Marine x5  
  145  13:18  Marine x6  
  152  13:20  Medivac x2, Widow Mine  
  149  13:35  Marine x3  
  149  13:38  Marine  
  149  13:39  Marauder, Marine  
  124  13:42  Widow Mine  
  124  13:46  Marauder  
  124  13:47  Marine x5  
  132  13:50  Medivac  
  132  13:52  Marine  
  132  13:53  Command Center, Medivac, Marine x2  
  139  13:56  Marine x2  
  139  13:57  SCV x2  
  139  14:00  Marine  
  144  14:03  Widow Mine  
  144  14:05  Marine  
  144  14:06  Marine x2  
  144  14:08  Command Center  
  149  14:10  Marine x2  
  149  14:11  Marine  
  151  14:17  Marine  
  151  14:18  Marauder, Marine  
  151  14:20  Medivac  
  151  14:21  Marine x3  
  160  14:24  Widow Mine  
  162  14:33  Marine  
  162  14:34  Marine x5  
  168  14:38  Bunker  
  168  14:39  Marauder  
  168  14:40  Marauder  
  168  14:43  Supply Depot  
  172  14:46  Widow Mine  
  172  14:51  Barracks Tech Lab  
  174  14:55  Marine x2  
  174  15:01  Barracks Reactor, Marauder  
  168  15:07  Widow Mine  
  168  15:09  Marauder, Marine  
  168  15:13  Marauder, Marine x2  
  139  15:28  Marauder, Marine x4  
  106  15:34  Marauder  
  102  15:37  Marauder, Marine x6  
  97  15:48  SCV  
  97  15:49  SCV x3, Marauder  
  91  15:53  Marine x2  
  90  16:00  SCV  
  90  16:01  SCV  
  90  16:02  Marine  
  93  16:05  Marine  
  93  16:10  Marauder x2, Marine x2  
Show
View Real Time Build Order
Export as new Build Order

Retribution Zerg - Winner!

Build Orders: Hatch First 

Get SALT Encoding   

  12  0:00  Drone  
  13  0:12  Overlord  
  13  0:16  Drone  
  14  0:30  Drone x2  
  16  0:47  Hatchery  
  15  0:50  Drone  
  15  0:54  Drone  
  17  0:57  Drone  
  18  1:07  Extractor  
  17  1:12  Spawning Pool  
  17  1:15  Drone  
  17  1:19  Drone  
  18  1:28  Drone  
  19  1:38  Drone  
  20  1:48  Drone  
  21  1:58  Queen  
  21  1:59  Zergling x4, Queen  
  27  2:10  Overlord  
  27  2:11  Drone  
  28  2:21  Hatchery  
  27  2:23  Drone  
  28  2:31  Drone  
  28  2:32  Drone x2  
  31  2:39  Queen  
  31  2:43  Overlord  
  33  2:46  Drone  
  33  2:51  Metabolic Boost  
  34  2:57  Drone  
  34  2:58  Drone  
  36  3:03  Drone  
  37  3:07  Drone  
  37  3:09  Drone x2  
  40  3:13  Drone  
  40  3:14  Drone  
  40  3:16  Drone  
  40  3:18  Queen  
  44  3:30  Overlord  
  44  3:34  Drone x2  
  44  3:39  Queen  
  48  3:44  Drone  
  48  3:45  Zergling x2  
  48  3:47  Pneumatized Carapace  
  48  3:48  Overlord  
  50  3:53  Overlord  
  50  3:54  Queen  
  52  4:00  Drone x6  
  58  4:05  Overlord  
  60  4:10  Drone x2  
  60  4:11  Drone  
  60  4:14  Zergling x2  
  62  4:17  Queen  
  62  4:22  Zergling x2  
  62  4:23  Zergling x6  
  68  4:26  Drone  
  68  4:28  Drone x4  
  73  4:31  Lair  
  73  4:37  Baneling Nest  
  72  4:38  Overlord  
  72  4:39  Zergling x4  
  72  4:43  Extractor  
  72  4:44  Extractor  
  72  4:46  Spore Crawler x2  
  72  4:47  Spore Crawler  
  72  4:48  Drone x3  
  72  4:50  Drone x2  
  77  5:00  Drone x3  
  76  5:08  Drone x5  
  76  5:12  Drone x2  
  82  5:18  Extractor, Overlord  
  82  5:19  Extractor  
  82  5:20  Evolution Chamber  
  78  5:22  Evolution Chamber  
  78  5:25  Drone x5  
  81  5:30  Overseer  
  81  5:34  Drone  
  82  5:36  Overlord  
  81  5:45  Zerg Melee Weapons Level 1  
  81  5:47  Zerg Ground Armor Level 1  
  81  5:48  Overlord  
  81  5:52  Drone x2  
  81  5:53  Drone x7  
  81  5:55  Drone  
  91  5:58  Centrifical Hooks  
  91  6:02  Zergling x4  
  93  6:06  Hatchery  
  92  6:13  Zergling x16  
  92  6:14  Overlord  
  100  6:24  Drone  
  101  6:32  Zergling x10  
  105  6:38  Baneling x6  
  105  6:40  Drone x3, Hydralisk Den  
  105  6:41  Hatchery  
  106  6:47  Overlord  
  106  6:49  Zergling x10  
  106  6:52  Drone  
  106  6:54  Drone x2  
  114  7:01  Overlord x3  
  114  7:06  Overlord  
  111  7:09  Overlord  
  111  7:15  Overlord  
  110  7:20  Drone x5  
  110  7:21  Drone x5  
  120  7:26  Zergling x8  
  120  7:28  Grooved Spines  
  124  7:30  Overseer, Drone x3  
  124  7:33  Extractor  
  126  7:37  Zergling x2  
  126  7:41  Zergling x6  
  126  7:43  Baneling x7  
  126  7:44  Baneling x3  
  130  7:46  Zerg Ground Armor Level 2, Zerg Melee Weapons Level 2  
  130  7:49  Zergling x4  
  130  7:50  Extractor  
  131  7:54  Zergling x12  
  131  7:55  Infestation Pit  
  131  7:57  Baneling x5  
  136  8:01  Hatchery  
  136  8:04  Zergling x20  
  121  8:16  Zergling x12  
  118  8:22  Zergling x12  
  118  8:24  Zergling x6  
  118  8:25  Zergling x2  
  118  8:26  Overlord  
  126  8:30  Zergling x4  
  126  8:31  Baneling  
  126  8:32  Baneling x6  
  126  8:34  Zergling x10  
  133  8:37  Baneling x11, Hydralisk  
  133  8:39  Muscular Augments  
  135  8:42  Hydralisk x2  
  135  8:44  Hydralisk x2  
  135  8:45  Hive  
  143  8:51  Hydralisk x3  
  143  8:53  Hydralisk x2  
  154  8:55  Zergling x8  
  154  9:00  Zergling x12  
  159  9:05  Zergling x8  
  159  9:06  Zergling x2  
  164  9:10  Zergling x4  
  164  9:12  Baneling x11  
  164  9:14  Zergling x2  
  167  9:17  Zergling x4  
  167  9:22  Zergling x4  
  169  9:24  Zergling x2  
  169  9:28  Zergling x6  
  168  9:32  Zergling x10  
  168  9:37  Zergling x2  
  149  9:40  Hydralisk x3  
  149  9:44  Hydralisk x8  
  159  9:48  Zergling x4  
  159  9:50  Zergling x4  
  162  9:53  Drone x3  
  162  9:59  Zergling x6  
  159  10:03  Zergling x8  
  163  10:08  Zerg Ground Armor Level 3  
  163  10:11  Drone x4  
  167  10:16  Zerg Melee Weapons Level 3  
  167  10:18  Zergling x18  
  167  10:19  Zergling x2  
  177  10:25  Baneling x7  
  177  10:26  Zergling x8  
  177  10:28  Zergling x4  
  183  10:34  Zergling x6  
  185  10:39  Zergling x6  
  178  10:42  Zergling x8  
  178  10:45  Zergling x4  
  178  10:48  Drone x7  
  171  10:51  Zergling x4  
  171  10:53  Zergling x2  
  166  10:57  Zergling x2  
  166  10:59  Zergling x4  
  166  11:01  Zergling x2  
  166  11:03  Drone  
  163  11:06  Hydralisk x2  
  163  11:11  Zergling x4  
  166  11:12  Zergling x4  
  166  11:18  Overseer  
  153  11:20  Hydralisk x11  
  153  11:22  Zergling x2  
  164  11:26  Zergling x2  
  164  11:32  Zergling x10  
  159  11:37  Zergling x8  
  159  11:39  Ultralisk Cavern  
  150  11:42  Zergling x8  
  150  11:45  Drone x6  
  150  11:46  Drone x4  
  141  11:49  Drone  
  141  11:52  Zergling x2  
  143  11:54  Viper  
  143  12:00  Viper x2  
  152  12:02  Drone x2  
  152  12:03  Baneling  
  152  12:05  Baneling x14  
  154  12:15  Zergling x6, Extractor  
  157  12:18  Zergling x4  
  157  12:20  Drone x3  
  161  12:26  Zergling x10  
  161  12:29  Baneling x4  
  166  12:30  Baneling x3  
  166  12:32  Zergling x4, Hatchery  
  166  12:36  Zergling x8  
  171  12:37  Overseer x2  
  171  12:38  Overseer  
  171  12:42  Zergling x6  
  174  12:47  Zergling x12  
  174  12:49  Chitinous Plating  
  180  13:06  Zergling x2  
  173  13:13  Zergling x14  
  173  13:14  Baneling x3  
  173  13:15  Baneling  
  173  13:17  Zergling x2  
  180  13:26  Zergling x6  
  168  13:38  Zergling x24  
  168  13:39  Zergling x14  
  168  13:44  Baneling  
  168  13:50  Drone x4  
  168  13:51  Zergling x14  
  168  13:52  Hatchery  
  178  13:55  Zergling x2  
  178  14:00  Overlord  
  177  14:02  Overlord  
  177  14:03  Overlord x3  
  177  14:05  Baneling x18  
  177  14:08  Zergling x6  
  180  14:11  Baneling  
  179  14:19  Ultralisk  
  179  14:20  Spore Crawler  
  184  14:32  Baneling x11  
  184  14:34  Ultralisk  
  184  14:35  Zergling x8  
  194  14:38  Zergling x4  
  194  14:39  Zergling x2  
  197  14:57  Overseer x3  
  171  15:18  Ultralisk x5  
  186  15:25  Hatchery  
  186  15:28  Zergling x16  
  179  15:31  Zergling x6  
  167  15:36  Drone x4  
  167  15:41  Zergling x4  
  167  15:45  Drone x3  
  167  15:48  Zergling x6  
  166  15:54  Zergling x8  
  166  15:55  Zergling x2  
  171  16:00  Zergling x6  
  171  16:01  Zergling x4  
  176  16:09  Zergling x8  
Tags
 
Add a new tag
Caveats
  • Supply blocks, unpowered buildings, or Contaminate may cause inaccurate times.
  • Supply counts are checked every 10 seconds.